 Dungeon Crawl Stone Soup version 0.26.1-11-gd32895ea62 (webtiles) character file.

Game seed: 4749054010373170231

81 nothank2 the Shield-Bearer (level 4, 0/37 HPs)
             Began as a Formicid Fighter on June 6, 2021.
             Succumbed to a goblin's poison
             ... on level 1 of the Dungeon.
             The game lasted 00:03:41 (1043 turns).

nothank2 the Shield-Bearer (Formicid Fighter)       Turns: 1043, Time: 00:03:42

Health: 0/37       AC:  7    Str: 21    XL:     4   Next: 67%
Magic:  4/4        EV: 12    Int:  8    God:
Gold:   71         SH:  9    Dex: 10    Spells: 3/3 levels left

rFire    . . .     SeeInvis +   a - +0 long sword
rCold    . . .     Faith    .   c - +0 kite shield
rNeg     . . .     Spirit   .   b - +0 scale mail
rPois    .         Reflect  .   (helmet unavailable)
rElec    .         Harm     .   (no cloak)
rCorr    .         Rampage  .   (no gloves)
Will     .....                  (no boots)
Stlth    ..........             (no amulet)
HPRegen  0.12/turn              e - +4 ring of evasion
MPRegen  0.09/turn              (no ring)

@: mighty, lethally poisoned (0 -> -8)
A: permanent stasis, dig shafts and tunnels, four strong arms, antennae 3
a: Dig, Shaft Self


You were on level 1 of the Dungeon.
You visited 1 branch of the dungeon, and saw 2 of its levels.

You collected 71 gold pieces.

Inventory:

Hand Weapons
 a - a +0 long sword (weapon)
Armour
 b - a +0 scale mail (worn)
 c - a +0 kite shield (worn)
Jewellery
 e - a +4 ring of evasion (left hand)
Scrolls
 g - a scroll of random uselessness
 h - a scroll of remove curse {unknown}
 i - a scroll of noise {unknown}


   Skills:
 + Level 3.8 Fighting
 + Level 2.9 Long Blades
 + Level 3.9 Armour
 - Level 0.2 Dodging
 + Level 4.3 Shields


You had 3 spell levels left.
You didn't know any spells.
Your spell library was empty.

Dungeon Overview and Level Annotations

Branches:
Dungeon (2/15)

Altars:


Innate Abilities, Weirdness & Mutations

You cannot be hasted, slowed, berserked, paralysed or teleported.
You can dig through walls and to a lower floor.
Your four strong arms can wield two-handed weapons with a shield.
You have a pair of large antennae on your head. (SInv)


Message History

* * * LOW HITPOINT WARNING * * *
You feel sick. You block the goblin's attack.
Okay, then.
You feel very mighty all of a sudden.
* * * LOW HITPOINT WARNING * * *
You feel sick. You block the goblin's attack.
You miss the goblin.
* * * LOW HITPOINT WARNING * * *
You feel sick. You block the goblin's attack. x2
You slice the goblin!!
You kill the goblin!
* * * LOW HITPOINT WARNING * * *
You feel sick.
* * * LOW HITPOINT WARNING * * *
You feel sick.
You see here a +0 dagger.
As you read the scroll labelled PON HUNOIRCHE, it crumbles to dust.
It is a scroll of identify.
g - a scroll of random uselessness You die...

#.....# #.....# #####.....#
########...#.....##
#..........'...†..#
#.....##...#......#
#.....##...#......#
#.....######......#
#....@......#####.####
#....>................
###.#.................
#.#.#########§######
#.#.##§§≈§≈≈≈§≈§≈§§≈
##+#.##§§≈≈§..§..≈§§≈
#....##§≈....≈≈≈....≈
##########.)...#≈...≈≈≈.≈≈≈...
#..................≈≈≈.<..≈≈..


There were no monsters in sight!

Vanquished Creatures
  Terence (D:2)
  Robin (D:2)
  An ooze (D:1)
  3 dart slugs (D:1)
  3 leopard geckos (D:1)
  3 giant cockroaches (D:1)
  8 goblins
  4 hobgoblins
  4 bats (D:1)
  2 kobolds (D:1)
  A rat (D:1)
31 creatures vanquished.

Notes
Turn   | Place    | Note
-------+----------+-------------------------------------------
     0 | D:1      | nothank2 the Formicid Fighter began the quest for the Orb.
     0 | D:1      | Reached XP level 1. HP: 18/18 MP: 1/1
   102 | D:1      | Reached XP level 2. HP: 14/24 MP: 2/2
   365 | D:1      | Reached skill level 4 in Shields
   369 | D:1      | Reached XP level 3. HP: 27/30 MP: 3/3
   932 | D:2      | Noticed Terence
   941 | D:2      | Killed Terence
   942 | D:2      | Reached XP level 4. HP: 30/37 MP: 4/4
  1021 | D:2      | Noticed Robin
  1028 | D:2      | Killed Robin
  1042 | D:1      | HP: 1/37 [poisoned by a goblin]
  1043 | D:1      | Succumbed to a goblin's poison

Illustrated notes

Levels and vault maps discovered:
D:1:      dpeg_arrival_shrine, layout_basic, minmay_pentomino_u4
D:2:      layout_loops_corners, nicolae_overflow_crystal_walls,
          nicolae_gozag_cash_rules_everything_around_me, tso_oasis_becter,
          led_sif_pool, serial_glass, glass_columns_a, glass_columns_b,
          glass_columns_a, chequers_ecumenical_altar_island,
          minmay_parallelograms, minmay_misc_feat_alley, kennysheep_cross_room,
          uniq_robin, uniq_terence

Skill      XL: |  1  2 |
---------------+-------+-----
Shields        | 4 |  4.3
Fighting       | |  3.8
Long Blades    | |  2.9
Armour         | |  3.9
Dodging        | |  0.2

Action                   |  1- 3 |  4- 6 || total
-------------------------+-------+-------++-------
Melee: Long sword        |    62 |    20 ||    82
  Use: Scroll            |       |     1 ||     1
       Potion            |       |     1 ||     1
Armor: Scale mail        |    23 |    16 ||    39
Dodge: Dodged            |    30 |    14 ||    44
Block: Kite shield       |    38 |    20 ||    58
       Rpst.: Long sword |    12 |     5 ||    17
